 Dungeon Crawl Stone Soup version 0.24.0-29-g8ce449bc06 (webtiles) character file.

Game seed: 4129526146651511830, levelgen mode: deterministic

239480 benob the Thaumaturge (level 19, -1/148 HPs)
             Began as a Gnoll Wizard on Nov 11, 2019.
             Was the Champion of Ashenzari.
             Engulfed by a cloud of freezing vapour (9 damage)
             ... on level 4 of the Snake Pit on Nov 14, 2019.
             The game lasted 07:01:12 (55360 turns).

benob the Thaumaturge (Gnoll Wizard)               Turns: 55360, Time: 07:01:13

Health: -1/148     AC: 15    Str: 14    XL:     19   Next: 75%
Magic:  14/46      EV: 25    Int: 29    God:    Ashenzari [******]
Gold:   2438       SH: 18    Dex: 14    Spells: 5/46 levels left

rFire    x . .     SeeInvis +   W - +0 dagger "Ululiu" {freeze, rF- MR+++ MP+9 Str+3} (curse)
rCold    + . .     Gourm    .   u - +5 shield {reflect} (curse)
rNeg     + . .     Faith    .   G - +0 robe "Wularch" {rElec rC+ MR+} (curse)
rPois    +         Spirit   .   B - +2 hat {Int+3}
rElec    +         Reflect  +   e - +2 ratskin cloak {+Rats rPois rN+ Str-1 Int-1 Dex+1} (curse)
rCorr    .         Harm     .   y - +2 pair of gloves (curse)
MR       +++++     Clarity  +   n - +2 pair of boots (curse)
Stlth    +++++++...             m - amulet of the acrobat (curse)
HPRegen  0.34/turn              k - ring of stealth (curse)
MPRegen  0.30/turn              r - +5 ring of evasion

@: constricted
A: distributed training, fangs 1, horns 1, talons 1, clarity, strong nose
}: 1/15 runes: decaying
a: Curse Item, Scrying, Renounce Religion, Evoke Ratskin


You were on level 4 of the Snake Pit.
You worshipped Ashenzari.
Ashenzari was exalted by your worship.
You were near starving.

You visited 7 branches of the dungeon, and saw 34 of its levels.
You also visited: Ice Cave, Volcano and Desolation.

You collected 3507 gold pieces.
You spent 1069 gold pieces at shops.

Inventory:

Hand Weapons
 W - the cursed +0 dagger "Ululiu" (weapon) {freeze, rF- MR+++ MP+9 Str+3}
   (You found it in an ice cave)

   It has been specially enchanted to freeze those struck by it, causing extra
   injury to most foes and up to half again as much damage against particularly
   susceptible opponents.
   It can also slow down cold-blooded creatures.
   It affects your strength (+3).
   It makes you vulnerable to fire.
   It affects your resistance to hostile enchantments.
   It affects your magic capacity (+9).
   It has a curse placed upon it.
Missiles
 M - 391 bolts
Armour
 e - the cursed +2 ratskin cloak (worn) {+Rats rPois rN+ Str-1 Int-1 Dex+1}
   (You found it on level 6 of the Dungeon)

   It affects your strength (-1).
   It affects your intelligence (-1).
   It affects your dexterity (+1).
   It protects you from poison.
   It protects you from negative energy.
   It has a curse placed upon it.
 n - a cursed +2 pair of boots (worn)
 u - a cursed +5 shield of reflection (worn)
 y - a cursed +2 pair of gloves (worn)
 B - a +2 hat of intelligence (worn)
 G - the cursed +0 robe "Wularch" (worn) {rElec rC+ MR+}
   (You bought it in a shop on level 1 of the Orcish Mines)

   It protects you from cold.
   It insulates you from electricity.
   It affects your resistance to hostile enchantments.
   It has a curse placed upon it.
Jewellery
 a - an uncursed ring of protection from fire
 k - a cursed ring of stealth (left hand)
 m - a cursed amulet of the acrobat (around neck)
 r - a +5 ring of evasion (right hand)
 Y - an uncursed amulet of magic regeneration
Wands
 j - a wand of paralysis (38)
 p - a wand of iceblast (19)
 q - a wand of disintegration (22)
 t - a wand of polymorph (12)
 w - a wand of enslavement (5)
 E - a wand of flame (101)
 H - a wand of digging (5)
 K - a wand of acid (15)
Scrolls
 f - 7 scrolls of amnesia
 g - 6 scrolls of fog
 h - 12 scrolls of remove curse
 s - 4 scrolls of teleportation
 x - 3 scrolls of summoning
 z - 2 scrolls of vulnerability
 C - 5 scrolls of immolation
 D - 2 scrolls of magic mapping
 I - 4 scrolls of identify
 N - 2 scrolls of fear
 P - a scroll of silence
 S - a scroll of acquirement {unknown}
 Z - a scroll of torment
Potions
 b - a potion of resistance
 c - 4 potions of flight
 i - 5 potions of agility
 l - 4 potions of cancellation
 o - 2 potions of might
 v - 5 potions of curing
 A - 5 potions of mutation
 F - 5 potions of lignification
 L - a potion of berserk rage
 O - 2 potions of invisibility
 Q - 3 potions of brilliance
 R - a potion of ambrosia
 U - 5 potions of haste
Miscellaneous
 X - 2 phantom mirrors
Comestibles
 d - 20 rations


   Skills:
 + Level 12.8 Fighting
 + Level 12.8(16.9) Short Blades
 + Level 12.8 Long Blades
 + Level 12.8 Axes
 + Level 12.8 Maces & Flails
 + Level 12.8 Polearms
 + Level 12.8 Staves
 + Level 12.8 Slings
 + Level 12.8 Bows
 + Level 12.8 Crossbows
 + Level 12.8 Throwing
 + Level 12.8 Armour
 + Level 13.4(16.0) Dodging
 + Level 13.3(16.0) Stealth
 + Level 12.8(15.4) Shields
 + Level 12.8 Unarmed Combat
 + Level 14.3 Spellcasting
 + Level 11.2(13.9) Conjurations
 + Level 11.0(13.7) Hexes
 + Level 11.0(13.7) Charms
 + Level 11.2(13.9) Summonings
 + Level 11.0(13.7) Necromancy
 + Level 11.2(13.9) Translocations
 + Level 11.0(13.7) Transmutations
 + Level 11.0(13.7) Fire Magic
 + Level 11.0(13.7) Ice Magic
 + Level 11.0(13.7) Air Magic
 + Level 11.0(13.7) Earth Magic
 + Level 11.0(13.7) Poison Magic
 + Level 13.8 Invocations
 + Level 12.8(15.4) Evocations


You had 5 spell levels left.
You knew the following spells:

 Your Spells              Type           Power        Failure   Level  Hunger
b - Blink                 Tloc           N/A          0%          2    None
c - Call Imp              Summ           #######.     0%          2    None
d - Conjure Flame         Conj/Fire      #######.     1%          3    None
e - Mephitic Cloud        Conj/Pois/Air  #######.     1%          3    None
f - Tukima's Dance        Hex            #######.     1%          3    None
g - Ensorcelled Hibernat  Hex/Ice        ######       0%          2    None
h - Regeneration          Chrm/Necr      #######...   1%          3    None
i - Summon Lightning Spi  Summ/Air       #######.     1%          4    None
j - Bolt of Magma         Conj/Fire/Erth #######...   1%          5    None
k - Swiftness             Chrm/Air       #######.     0%          2    None
l - Animate Dead          Necr           N/A          1%          4    None
m - Freezing Cloud        Conj/Ice/Air   #######...   1%          6    ####...
n - Apportation           Tloc           ######       0%          1    None
o - Summon Butterflies    Summ           #######.     0%          1    None

Your spell library contained the following spells:

 Spells                   Type           Power        Failure   Level  Hunger
 Animate Skeleton         Necr           N/A          0%          1    None
 Corona                   Hex            #######      0%          1    None
 Magic Dart               Conj           ####         0%          1    None
 Pain                     Necr           ####         0%          1    None
 Shock                    Conj/Air       ####         0%          1    None
 Sting                    Conj/Pois      ####         0%          1    None
 Summon Small Mammal      Summ           ####         0%          1    None
 Corpse Rot               Necr           N/A          0%          2    None
 Poisonous Vapours        Pois/Air       ######       0%          2    None
 Slow                     Hex            #######.     0%          2    None
 Sublimation of Blood     Necr           #######...   0%          2    None
 Call Canine Familiar     Summ           #######.     1%          3    None
 Confuse                  Hex            #######.     1%          3    None
 Dazzling Spray           Conj/Hex       ######       1%          3    None
 Gell's Gravitas          Tloc           #######...   1%          3    None
 Lesser Beckoning         Tloc           #######...   1%          3    None
 Portal Projectile        Hex/Tloc       ######       1%          3    None
 Static Discharge         Conj/Air       #######.     1%          3    None
 Summon Guardian Golem    Hex/Summ       #######.     1%          3    None
 Vampiric Draining        Necr           #######...   1%          3    None
 Airstrike                Air            #######...   1%          4    None
 Force Lance              Conj/Tloc      #######.     1%          4    None
 Ice Form                 Ice/Tmut       #######.     1%          4    None
 Leda's Liquefaction      Hex/Erth       #######...   1%          4    None
 Olgreb's Toxic Radiance  Pois           #######.     1%          4    None
 Summon Ice Beast         Ice/Summ       #######.     1%          4    None
 Alistair's Intoxication  Tmut/Pois      #######.     1%          5    None
 Excruciating Wounds      Chrm/Necr      #######...   1%          5    None
 Irradiate                Conj/Tmut      #######...   1%          5    None
 Lightning Bolt           Conj/Air       #######...   1%          5    None
 Metabolic Englaciation   Hex/Ice        #######...   1%          5    None
 Silence                  Hex/Air        #######...   1%          5    None
 Venom Bolt               Conj/Pois      #######...   1%          5    None
 Bolt of Cold             Conj/Ice       #######...   1%          6    ####...
 Conjure Ball Lightning   Conj/Air       #######...   1%          6    ####...
 Deflect Missiles         Chrm/Air       #######...   1%          6    ####...
 Dispersal                Tloc           #######...   1%          6    ####...
 Hydra Form               Tmut           #######...   1%          6    ####...
 Invisibility             Hex            #######.     1%          6    ####...
 Iron Shot                Conj/Erth      #######...   1%          6    ####...
 Ozocubu's Refrigeration  Ice            #######...   1%          6    ####...
 Simulacrum               Ice/Necr       #######...   1%          6    ####...
 Statue Form              Tmut/Erth      #######..    1%          6    ####...
 Dragon Form              Tmut           #######...   7%          7    #####..
 Ring of Flames           Chrm/Fire      #######...   7%          7    #####..
 Controlled Blink         Tloc           N/A          45%         8    #######
 Disjunction              Tloc           #######...   45%         8    #######
 Shatter                  Erth           #######...   100%        9    #######
 Tornado                  Air            #######...   100%        9    #######


Dungeon Overview and Level Annotations

Branches:
Dungeon (15/15)            Temple (1/1) D:7            Lair (6/6) D:11
  Swamp (4/4) Lair:4        Snake (4/4) Lair:2        Slime (0/5) Lair:5
    Orc (2/2) D:12            Elf (2/3) Orc:2        Vaults (0/5) D:14
 Depths (0/5) D:15          IceCv (visited)         Volcano (visited)
Desolation (visited)

Altars:
Ashenzari
Cheibriados
Dithmenos
Elyvilon
Fedhas
Gozag
Hepliaklqana
Nemelex Xobeh
Okawaru
Qazlal
Ru
Sif Muna
Trog
Uskayaw
Vehumet
Wu Jian
Xom
Yredelemnul
Zin
Beogh

Shops:
D:4 :   D:6 :   D:8 [   Orc:1 [   Orc:2 (*=(?((   Elf:2 [   Snake:1 [
Snake:3 *

Annotations:
Snake:3 exclusion: 2 ice statues
Orc:2 3 runed translucent doors, Nicoed's ghost, journeyman DrTm
Elf:2 5 runed translucent doors


Innate Abilities, Weirdness & Mutations

Your experience applies equally to all skills.
You have very sharp teeth.
Your uncanny sense of smell can sniff out nearby items.
You have a pair of small horns on your head.
You have sharp toenails.
You possess an exceptional clarity of mind.


Message History

A guardian serpent comes into view.
The guardian serpent is engulfed in freezing vapours.
You block the guardian serpent's attack.
Your naga zombie hits the guardian serpent with a +0 scimitar!
The guardian serpent dies!
The guardian serpent hits your naga zombie!
Your naga zombie is destroyed!
You block the guardian serpent's attack.
Your shock serpent zombie misses the guardian serpent.
The naga warrior is engulfed in freezing vapours.
You block the naga warrior's attack.
* * * LOW HITPOINT WARNING * * *
The naga warrior constricts you.
Your nagaraja zombie closely misses the naga warrior.
Blink to where?
Press: ? - help, Dir - move target cursor, p - naga warrior The naga warrior's grasp on you weakens, but your attempt to escape fails.
As you read the scroll of blinking, it crumbles to dust.
You are engulfed in freezing vapours.
You resist.
You die...

.......# ..S { , , #####..
.....#..#**.... *** ,, ...#..
.....##...##...#### * ** * #....
.....#*##.#.......## #.... #....#
**.#* ......## #.... #....# *,
.** *.....## ##.... ...#.# ,,
##S...#######..... ...#.#
*########)Z...#........##.
...#.####...§§§§@Z..####.........
##.#.##..)...§§NS8###.#.....####.
.#.#.#..)[#########.........#####
...#.#.).[)......##............##
.#.#.##..[........##........())).
##....#######)....##.............
#...................###...####..
##...###.........)..####### #..
#.....................#######..


You could see a naga warrior, 2 guardian serpents, a friendly lightning spire, a
friendly nagaraja zombie and a friendly shock serpent zombie.

Vanquished Creatures
  the Lernaean hydra (Swamp:4)
  Bai Suzhen (Snake:3)
  Vashnia (Snake:2)
  Nikola (Swamp:2)
  Jorgrun (Swamp:2)
  Gastronok (Lair:2)
  Kirke (Elf:1)
  3 nagarajas
  A fire giant (D:15)
  A deep elf sorcerer (Elf:1)
  Louise (Snake:4)
  Snorg (Orc:1)
  A blizzard demon (IceCv)
  A deep elf death mage (Elf:1)
  A deep elf high priest (Elf:1)
  6 naga warriors
  The ghost of Ratty the Sorcerer, a journeyman DENe of Kikubaaqudgha (Orc:1)
  An ogre mage (D:15)
  17 hydras
  A shambling mangrove (Swamp:3)
  A peacekeeper (Elf:1)
  Erolcha (Orc:2)
  3 centaur warriors
  A catoblepas (Lair:6)
  A two-headed ogre (shapeshifter) (D:13)
  17 alligators
  8 two-headed ogres
  Erica (Lair:2)
  13 dancing weapons
  Urug (D:10)
  17 anacondas
  4 death yaks (Lair:3)
  3 tengu warriors
  6 shock serpents
  6 naga sharpshooters
  3 orc high priests (Orc:2)
  10 deep elf knights
  3 skeletal warriors (D:15)
  A fire crab (Volcano)
  2 salamander mystics
  An unseen horror (D:14)
  A spriggan druid (Swamp:4)
  2 large abominations (Elf:1)
  9 swamp dragons
  8 deep elf archers
  5 naga ritualists
  A harpy (shapeshifter) (D:13)
  Pikel (D:5)
  A wolf spider zombie (D:13)
  4 necromancers (Elf:1)
  8 orc knights
  A lindwurm (Volcano)
  9 mana vipers
  2 orc sorcerers (Orc:1)
  32 deep elf magi
  2 cyclopes
  9 ugly things
  3 elephants (Lair:5)
  2 manticores
  10 salamanders
  5 guardian serpents
  An ice statue (IceCv)
  A molten gargoyle (Volcano)
  11 naga magi
  45 black mambas
  A centaur zombie (D:15)
  A gargoyle (D:15)
  22 spiny frogs
  A kobold demonologist (D:15)
  8 komodo dragons
  4 yaktaurs (D:14)
  7 ice devils (IceCv)
  A redback zombie (D:15)
  3 anaconda simulacra (IceCv)
  A harpy zombie (D:15)
  4 tengu conjurers (D:15)
  A queen bee (D:13)
  8 tyrant leeches
  7 trolls
  2 hornets
  A wolf spider simulacrum (IceCv)
  2 polar bears (Lair:6)
  5 meliai
  4 saltlings
  5 bog bodies
  A slime creature (shapeshifter) (Elf:2)
  19 blink frogs
  5 slime creatures
  3 hippogriffs
  2 centaur simulacra
  2 spriggans (Swamp:4)
  An air elemental (Elf:2)
  2 dire elephant simulacra (IceCv)
  3 wyverns
  A shadow (D:15)
  Eustachio (D:6)
  5 water elementals
  3 wraiths
  21 yaks
  5 hungry ghosts
  Sigmund (D:4)
  3 fire elementals
  3 hogs (Elf:1)
  16 fire bats (Volcano)
  3 basilisks
  11 vampire mosquitoes
  A death yak simulacrum (IceCv)
  3 wargs (D:12)
  4 harpy simulacra (IceCv)
  6 swamp worms
  2 acid dragons (D:15)
  3 soldier ants
  3 hydra simulacra (IceCv)
  2 insubstantial wisps (Swamp:3)
  22 nagas
  2 iron troll simulacra (IceCv)
  A hell hound (Volcano)
  16 water moccasins
  10 porcupines
  28 orc warriors
  10 swamp drakes
  An alligator simulacrum (IceCv)
  An ettin simulacrum (IceCv)
  5 sky beasts
  7 black bears
  3 phantoms
  An ice beast (D:8)
  15 ogres
  10 wolves
  12 centaurs
  11 crocodiles
  An elf zombie (Elf:1)
  21 bullfrogs
  An earth elemental (Elf:1)
  A hornet simulacrum (D:12)
  23 killer bees
  An elephant simulacrum (IceCv)
  3 scorpions
  9 wights
  8 howler monkeys
  2 electric eels
  6 crimson imps
  A draconian simulacrum (IceCv)
  2 quasits
  4 hounds
  6 centaur skeletons
  3 bullfrog zombies
  20 orc priests
  Crazy Yiuf (D:5)
  3 bullfrog skeletons
  4 jellies
  3 iguanas
  12 orc wizards
  13 worker ants
  7 hell rats
  3 polar bear simulacra (IceCv)
  2 troll simulacra (IceCv)
  2 killer bee zombies
  A spriggan simulacrum (IceCv)
  A hound skeleton (D:9)
  A howler monkey zombie (D:5)
  A worker ant zombie (D:7)
  Robin (D:4)
  6 gnolls
  14 adders
  3 howler monkey skeletons
  3 naga simulacra (IceCv)
  2 ogre simulacra (IceCv)
  4 river rats (D:6)
  3 shadow imps
  2 white imps (IceCv)
  5 ufetubi (IceCv)
  An ooze (Lair:5)
  An adder skeleton (D:7)
  6 leopard geckos
  59 orcs
  2 ball pythons
  A giant cockroach (D:3)
  16 goblins
  12 hobgoblins
  8 kobolds
  4 quokkas
  6 bats
  A frilled lizard (D:3)
  2 quokka skeletons
  26 rats
  A pillar of salt (Elf:1)
1052 creatures vanquished.

Vanquished Creatures (collateral kills)
  A thorn hunter (Swamp:3)
  Frances (Snake:2)
  2 nagarajas (Snake:2)
  An imperial myrmidon (Elf:1)
  Aizul (Snake:2)
  7 hydras
  6 naga warriors
  A ghost crab (Swamp:4)
  2 anacondas (Snake:4)
  2 shambling mangroves
  4 alligators
  2 dancing weapons (Elf:2)
  2 death yaks (Lair:2)
  10 naga sharpshooters
  2 orc high priests (Orc:2)
  A shock serpent (Snake:2)
  4 deep elf knights
  A skeletal warrior (D:15)
  A sea snake (shapeshifter) (Elf:1)
  5 naga ritualists
  A deep elf archer (Elf:1)
  2 orc knights (Orc:2)
  3 mana vipers
  An oklob plant (Lair:5)
  10 deep elf magi
  An elephant (Lair:5)
  12 naga magi
  11 black mambas
  6 guardian serpents
  8 spiny frogs
  A komodo dragon (Swamp:2)
  4 tyrant leeches
  2 hornets (Swamp:2)
  4 slime creatures
  2 hippogriffs
  3 bog bodies
  6 blink frogs
  A water elemental (D:14)
  3 yaks
  A hog (Elf:1)
  14 insubstantial wisps (Swamp:3)
  17 vampire mosquitoes
  20 nagas
  2 swamp worms
  A water moccasin (Lair:2)
  2 porcupines (Lair:5)
  9 orc warriors (Orc:2)
  2 swamp drakes
  An ogre (Orc:1)
  2 wolves
  2 crocodiles
  2 elf zombies (Elf:1)
  4 bullfrogs
  2 wights
  A crimson imp (D:11)
  13 orc priests
  5 orc wizards
  2 hell rats
  3 oozes (Lair:5)
  15 orcs
  A pillar of salt (Elf:1)
258 creatures vanquished.

Vanquished Creatures (others)
  A blizzard demon (IceCv)
  A guardian serpent (Snake:2)
  2 naga sharpshooters
  A spriggan (Swamp:4)
  A naga ritualist (Snake:1)
  2 deep elf archers (Elf:2)
  A black mamba (Snake:2)
  A deep elf mage (Elf:1)
  A meliai (D:13)
  2 hornets
  A shadow (Swamp:2)
  2 water elementals
  3 dancing weapons
  An elf zombie (Elf:1)
  A killer bee (D:13)
  A crimson imp (D:5)
  3 white imps (IceCv)
  An ufetubus (IceCv)
  A bush (Lair:3)
  16 fungi
  11 pillars of salt (Elf:1)
  61 plants
115 creatures vanquished.

Grand Total: 1425 creatures vanquished

Notes
Turn   | Place    | Note
-------+----------+-------------------------------------------
     0 | D:1      | benob the Gnoll Wizard began the quest for the Orb.
     0 | D:1      | Reached XP level 1. HP: 13/13 MP: 8/8
   212 | D:1      | Reached XP level 2. HP: 15/19 MP: 8/10
   670 | D:1      | Learned a level 2 spell: Blink
   673 | D:1      | Learned a level 2 spell: Call Imp
   948 | D:1      | Reached XP level 3. HP: 25/25 MP: 8/11
  1743 | D:3      | Learned a level 3 spell: Conjure Flame
  1747 | D:3      | Learned a level 3 spell: Mephitic Cloud
  1806 | D:3      | Reached skill level 1 in Invocations
  1908 | D:3      | Reached skill level 1 in Fighting
  1908 | D:3      | Reached skill level 1 in Short Blades
  1908 | D:3      | Reached skill level 1 in Long Blades
  1908 | D:3      | Reached skill level 1 in Axes
  1908 | D:3      | Reached skill level 1 in Maces & Flails
  1908 | D:3      | Reached skill level 1 in Polearms
  1908 | D:3      | Reached skill level 1 in Staves
  1908 | D:3      | Reached skill level 1 in Slings
  1908 | D:3      | Reached skill level 1 in Bows
  1908 | D:3      | Reached skill level 1 in Crossbows
  1908 | D:3      | Reached skill level 1 in Throwing
  1908 | D:3      | Reached skill level 1 in Armour
  1908 | D:3      | Reached skill level 1 in Shields
  1908 | D:3      | Reached skill level 1 in Unarmed Combat
  1908 | D:3      | Reached skill level 1 in Evocations
  1946 | D:3      | Found an iron altar of Okawaru.
  1962 | D:3      | Reached XP level 4. HP: 32/32 MP: 8/13
  2438 | D:4      | Reached skill level 1 in Hexes
  2438 | D:4      | Reached skill level 1 in Charms
  2438 | D:4      | Reached skill level 1 in Necromancy
  2438 | D:4      | Reached skill level 1 in Transmutations
  2438 | D:4      | Reached skill level 1 in Fire Magic
  2438 | D:4      | Reached skill level 1 in Ice Magic
  2438 | D:4      | Reached skill level 1 in Air Magic
  2438 | D:4      | Reached skill level 1 in Earth Magic
  2438 | D:4      | Reached skill level 1 in Poison Magic
  2438 | D:4      | Noticed Robin
  2490 | D:4      | Noticed an ogre
  2503 | D:4      | Killed an ogre
  2503 | D:4      | Reached XP level 5. HP: 37/37 MP: 10/14
  2529 | D:4      | Noticed an ogre
  2535 | D:4      | Noticed Sigmund
  2544 | D:4      | Killed Sigmund
  2544 | D:4      | Reached skill level 5 in Dodging
  2544 | D:4      | Reached XP level 6. HP: 44/44 MP: 10/16
  2598 | D:4      | Found Zojeli Yfaf's Book Boutique.
  2791 | D:4      | Reached XP level 7. HP: 49/50 MP: 12/18
  2956 | D:4      | Killed Robin
  3543 | D:5      | Entered Level 5 of the Dungeon
  3607 | D:5      | Noticed Pikel
  3653 | D:5      | Killed Pikel
  3653 | D:5      | Reached skill level 5 in Stealth
  3653 | D:5      | Reached XP level 8. HP: 43/58 MP: 1/19
  3893 | D:5      | Found a runed translucent door.
  3894 | D:5      | Noticed Crazy Yiuf
  3914 | D:5      | Killed Crazy Yiuf
  4832 | D:6      | Noticed Eustachio
  4842 | D:6      | Killed Eustachio
  4886 | D:6      | Reached skill level 8 in Spellcasting
  5447 | D:6      | Found the +2 ratskin cloak {+Rats rPois rN+ Str-1 Int-1
                  | Dex+1}
  5816 | D:6      | Found Qyorifa's Book Emporium.
  5933 | D:6      | Reached XP level 9. HP: 65/65 MP: 10/21
  6463 | D:7      | Found a staircase to the Ecumenical Temple.
  6479 | Temple   | Entered the Ecumenical Temple
  6549 | Temple   | Became a worshipper of Ashenzari the Shackled
  6696 | D:7      | Got the hand crossbow of the Shark {penet, rF+ Str-2 Dex+2
                  | SInv}
  7498 | D:8      | Found Zyczeas's Antique Armour Shoppe.
  8469 | D:9      | Reached * piety under Ashenzari
  8513 | D:9      | Reached skill level 5 in Invocations
  8552 | D:9      | Found a glowing silver altar of Zin.
  8554 | D:9      | Found a hide-covered altar of Uskayaw.
  8554 | D:9      | Found a shimmering blue altar of Sif Muna.
  8554 | D:9      | Found a hazy altar of Hepliaklqana.
  8555 | D:9      | Found a shadowy altar of Dithmenos.
  8555 | D:9      | Found a sparkling altar of Nemelex Xobeh.
  8586 | D:9      | Gained mutation: You have a pair of small horns on your
                  | head. [potion of mutation]
  8586 | D:9      | Gained mutation: You have sharp toenails. [potion of
                  | mutation]
  8586 | D:9      | Gained mutation: You possess an exceptional clarity of
                  | mind. [potion of mutation]
  8733 | D:9      | Found a snail-covered altar of Cheibriados.
  8737 | D:9      | Found an iron altar of Okawaru.
  9095 | D:9      | Reached XP level 10. HP: 73/73 MP: 13/22
  9685 | D:9      | Reached skill level 5 in Fighting
  9685 | D:9      | Reached skill level 5 in Short Blades
  9685 | D:9      | Reached skill level 5 in Long Blades
  9685 | D:9      | Reached skill level 5 in Axes
  9685 | D:9      | Reached skill level 5 in Maces & Flails
  9685 | D:9      | Reached skill level 5 in Polearms
  9685 | D:9      | Reached skill level 5 in Staves
  9685 | D:9      | Reached skill level 5 in Slings
  9685 | D:9      | Reached skill level 5 in Bows
  9685 | D:9      | Reached skill level 5 in Crossbows
  9685 | D:9      | Reached skill level 5 in Throwing
  9685 | D:9      | Reached skill level 5 in Armour
  9685 | D:9      | Reached skill level 5 in Shields
  9685 | D:9      | Reached skill level 5 in Unarmed Combat
  9685 | D:9      | Reached skill level 5 in Evocations
 10238 | D:9      | Reached skill level 9 in Spellcasting
 10509 | D:10     | Entered Level 10 of the Dungeon
 10580 | D:10     | Reached skill level 5 in Conjurations
 10580 | D:10     | Reached skill level 5 in Summonings
 10580 | D:10     | Reached skill level 5 in Translocations
 10658 | D:10     | Noticed Urug
 10676 | D:10     | Learned a level 3 spell: Tukima's Dance
 10704 | D:10     | Killed Urug
 11259 | D:10     | Reached XP level 11. HP: 81/81 MP: 24/24
 11287 | D:10     | Reached ** piety under Ashenzari
 11623 | D:10     | Noticed a two-headed ogre
 11641 | D:10     | Killed a two-headed ogre
 12095 | D:11     | Reached skill level 5 in Hexes
 12095 | D:11     | Reached skill level 5 in Charms
 12095 | D:11     | Reached skill level 5 in Necromancy
 12095 | D:11     | Reached skill level 5 in Transmutations
 12095 | D:11     | Reached skill level 5 in Fire Magic
 12095 | D:11     | Reached skill level 5 in Ice Magic
 12095 | D:11     | Reached skill level 5 in Air Magic
 12095 | D:11     | Reached skill level 5 in Earth Magic
 12095 | D:11     | Reached skill level 5 in Poison Magic
 12112 | D:11     | Noticed a red ugly thing
 12141 | D:11     | Killed a red ugly thing
 12179 | D:11     | Noticed a cyan ugly thing
 12308 | D:10     | Upgraded the game from 0.24.0-28-g17ded55e90 to
                  | 0.24.0-29-g8ce449bc06
 12335 | D:10     | Killed a cyan ugly thing
 12696 | D:10     | Learned a level 2 spell: Ensorcelled Hibernation
 12983 | D:11     | Found a staircase to the Lair.
 13350 | D:12     | Identified the +6 hand crossbow of the Shark {penet, rF+
                  | Str-2 Dex+2 SInv} (You found it on level 7 of the Dungeon)
 13830 | D:12     | Noticed a green ugly thing
 13837 | D:12     | Killed a green ugly thing
 13851 | D:12     | Found a staircase to the Orcish Mines.
 13953 | D:12     | Reached XP level 12. HP: 42/89 MP: 12/25
 13974 | D:12     | Learned a level 3 spell: Regeneration
 14393 | D:12     | Noticed a tengu warrior
 14410 | D:12     | Killed a tengu warrior
 14595 | D:13     | Reached skill level 10 in Spellcasting
 15387 | D:13     | Noticed a centaur warrior
 15400 | D:13     | Killed a centaur warrior
 15442 | D:13     | Noticed a two-headed ogre
 15464 | D:13     | Killed a two-headed ogre
 15490 | D:13     | Reached *** piety under Ashenzari
 15519 | D:13     | Found a sparkling altar of Nemelex Xobeh.
 15896 | D:14     | Found a gate to the Vaults.
 15896 | D:14     | Noticed a deep elf knight
 15897 | D:14     | Killed a deep elf knight
 15919 | D:14     | Noticed a sun demon
 16088 | D:14     | Noticed a centaur warrior
 16255 | D:14     | Reached XP level 13. HP: 82/98 MP: 25/27
 17407 | D:15     | Entered Level 15 of the Dungeon
 17746 | Lair:1   | Entered Level 1 of the Lair of Beasts
 18862 | Lair:2   | Noticed Gastronok
 18880 | Lair:2   | Killed Gastronok
 18915 | Lair:2   | Found a dark tunnel.
 18927 | Volcano  | Entered a volcano
 19131 | Volcano  | Found a radiant altar of Vehumet.
 19155 | Volcano  | Reached skill level 11 in Spellcasting
 19597 | Lair:2   | Found a staircase to the Snake Pit.
 19616 | Lair:2   | Reached **** piety under Ashenzari
 20012 | Lair:2   | Noticed Erica
 20019 | Lair:2   | Killed Erica
 20109 | Lair:2   | Reached XP level 14. HP: 104/106 MP: 25/29
 20617 | Snake:1  | Entered Level 1 of the Snake Pit
 21611 | Lair:3   | Learned a level 4 spell: Summon Lightning Spire
 21780 | Lair:2   | Reached skill level 10 in Dodging
 23008 | Lair:4   | Found a staircase to the Swamp.
 23253 | Lair:4   | Reached skill level 10 in Stealth
 23483 | Lair:4   | Found the +8 whip "Snakebite" {curare, rPois}
 23777 | Lair:5   | Reached skill level 10 in Invocations
 23864 | Lair:5   | Reached ***** piety under Ashenzari
 23886 | Lair:5   | Found a staircase to the Slime Pits.
 24037 | Lair:5   | Learned a level 5 spell: Bolt of Magma
 24258 | Lair:6   | Entered Level 6 of the Lair of Beasts
 25455 | Lair:6   | Reached XP level 15. HP: 78/114 MP: 30/30
 26651 | Orc:1    | Entered Level 1 of the Orcish Mines
 26806 | Orc:1    | Found a roughly hewn altar of Beogh.
 26815 | Orc:1    | Paralysed by an orc sorcerer for 7 turns
 27137 | Orc:2    | Entered Level 2 of the Orcish Mines
 27146 | Orc:2    | Noticed Snorg
 27274 | Orc:1    | Killed Snorg
 27534 | Orc:2    | Found a staircase to the Elven Halls.
 27535 | Orc:2    | Found a runed translucent gate.
 27535 | Orc:2    | Found a runed translucent gate.
 27535 | Orc:2    | Found a runed translucent gate.
 27550 | Orc:2    | Noticed Nicoed's ghost (journeyman DrTm)
 27550 | Orc:2    | Noticed an orc warlord
 27552 | Orc:2    | Found an iron altar of Okawaru.
 27664 | Orc:2    | Found Vin Vedghimy's Weapon Emporium.
 27895 | Orc:2    | Found Eroleam's Magic Scroll Shoppe.
 27982 | Orc:2    | Found Cixewet's Weapon Boutique.
 28130 | Orc:2    | Noticed Erolcha
 28328 | Orc:2    | Killed Erolcha
 28648 | Orc:2    | Reached skill level 12 in Spellcasting
 28845 | D:4      | Bought a book of Air for 490 gold pieces
 28848 | D:4      | Learned a level 2 spell: Swiftness
 29156 | Orc:2    | Reached skill level 10 in Fighting
 29156 | Orc:2    | Reached skill level 10 in Short Blades
 29156 | Orc:2    | Reached skill level 10 in Long Blades
 29156 | Orc:2    | Reached skill level 10 in Axes
 29156 | Orc:2    | Reached skill level 10 in Maces & Flails
 29156 | Orc:2    | Reached skill level 10 in Polearms
 29156 | Orc:2    | Reached skill level 10 in Staves
 29156 | Orc:2    | Reached skill level 10 in Slings
 29156 | Orc:2    | Reached skill level 10 in Bows
 29156 | Orc:2    | Reached skill level 10 in Crossbows
 29156 | Orc:2    | Reached skill level 10 in Throwing
 29156 | Orc:2    | Reached skill level 10 in Armour
 29156 | Orc:2    | Reached skill level 10 in Shields
 29156 | Orc:2    | Reached skill level 10 in Unarmed Combat
 29156 | Orc:2    | Reached skill level 10 in Evocations
 29696 | Orc:2    | Found Wohecvext's Antique Weapon Shoppe.
 29699 | Orc:2    | Found Attipt's Jewellery Shoppe.
 29700 | Orc:2    | Found Quleudupp's Weapon Shoppe.
 29701 | Orc:2    | Found Itotho's Assorted Antiques.
 29718 | Orc:2    | Bought a scroll of identify for 74 gold pieces
 29718 | Orc:2    | Bought a scroll of identify for 74 gold pieces
 29723 | Orc:2    | Bought a tiny silver amulet for 185 gold pieces
 29931 | Orc:1    | Found Zounuqan's Antique Armour Emporium.
 29938 | Orc:1    | Bought a heavily jewelled robe for 131 gold pieces
 29971 | Orc:1    | Identified the +0 robe "Wularch" {rElec rC+ MR+} (You
                  | bought it in a shop on level 1 of the Orcish Mines)
 30049 | Orc:1    | Found a large runed translucent door.
 30049 | Orc:1    | Found a large runed translucent door.
 30050 | Orc:1    | Noticed Ratty's ghost (journeyman DENe)
 30068 | Orc:1    | Killed Ratty's ghost
 30120 | Orc:1    | Found Zounuqan's Antique Armour Emporium.
 30267 | Orc:1    | Found a roughly hewn altar of Beogh.
 31103 | D:15     | Found a staircase to the Depths.
 31104 | D:15     | Noticed a fire giant
 31135 | D:15     | Killed a fire giant
 32019 | D:15     | Reached XP level 16. HP: 100/122 MP: 24/32
 35124 | Snake:1  | Found Icacuhor's Armour Shoppe.
 36286 | Snake:1  | Learned a level 4 spell: Animate Dead
 36417 | Snake:2  | Noticed a nagaraja
 36530 | Snake:2  | Learned a level 6 spell: Freezing Cloud
 36906 | Snake:2  | Noticed Frances
 36931 | Snake:2  | Killed Frances
 37037 | Snake:2  | Noticed a nagaraja
 37037 | Snake:2  | Noticed a nagaraja
 37037 | Snake:2  | Noticed a nagaraja
 37053 | Snake:2  | Killed a nagaraja
 37519 | Snake:2  | Killed a nagaraja
 37891 | Snake:2  | Killed a nagaraja
 38152 | Snake:2  | Noticed Vashnia
 38876 | Snake:2  | HP: 6/125 [poisoned by a naga ritualist (toxic radiance)]
 39644 | Snake:2  | Killed Vashnia
 39644 | Snake:2  | Reached XP level 17. HP: 109/131 MP: 21/33
 39835 | Snake:2  | Noticed Aizul
 39858 | Snake:2  | Killed Aizul
 40176 | Snake:3  | Found a frozen archway.
 40179 | IceCv    | Entered an ice cave
 40272 | IceCv    | Identified the +4 ring mail of the Armadillo {MR- Int+6}
                  | (You found it on level 6 of the Lair of Beasts)
 41741 | IceCv    | Reached skill level 13 in Spellcasting
 41979 | IceCv    | Got the cursed dagger "Ululiu" {freeze, rF- MR+++ MP+9
                  | Str+3}
 41991 | IceCv    | Identified the cursed +0 dagger "Ululiu" {freeze, rF- MR+++
                  | MP+9 Str+3} (You found it in an ice cave)
 41992 | IceCv    | Identified the +0 hat of Starshine {*Contam rN+ Dex+4} (You
                  | found it in an ice cave)
 42286 | Snake:3  | Found Dyitoap's Assorted Antiques.
 42323 | Snake:3  | Bought a shiny tourmaline ring for 115 gold pieces
 42550 | Snake:3  | Reached skill level 10 in Conjurations
 42550 | Snake:3  | Reached skill level 10 in Summonings
 42550 | Snake:3  | Reached skill level 10 in Translocations
 43702 | Elf:1    | Entered Level 1 of the Elven Halls
 43705 | Elf:1    | Found a ruined gateway.
 43737 | Desolati | Entered the Desolation of Salt
 43740 | Desolati | Learned a level 1 spell: Apportation
 43742 | Desolati | Learned a level 1 spell: Summon Butterflies
 44638 | Elf:1    | Found a radiant altar of Vehumet.
 44941 | Elf:1    | Reached skill level 10 in Hexes
 44941 | Elf:1    | Reached skill level 10 in Charms
 44941 | Elf:1    | Reached skill level 10 in Necromancy
 44941 | Elf:1    | Reached skill level 10 in Transmutations
 44941 | Elf:1    | Reached skill level 10 in Fire Magic
 44941 | Elf:1    | Reached skill level 10 in Ice Magic
 44941 | Elf:1    | Reached skill level 10 in Air Magic
 44941 | Elf:1    | Reached skill level 10 in Earth Magic
 44941 | Elf:1    | Reached skill level 10 in Poison Magic
 45084 | Elf:1    | Noticed Kirke
 45181 | Elf:1    | Identified the Collected Works on Necromancy
 45357 | Elf:1    | Killed Kirke
 45357 | Elf:1    | Reached XP level 18. HP: 139/139 MP: 33/35
 45452 | Elf:1    | Reached ****** piety under Ashenzari
 46080 | Elf:2    | Found Cumnah's Armour Shoppe.
 46458 | Elf:2    | HP: 3/140 [+0 trident of venom (12)]
 48174 | Elf:2    | Found a huge runed translucent gate.
 48174 | Elf:2    | Found a huge runed translucent gate.
 48175 | Elf:2    | Found a huge runed translucent gate.
 48344 | Elf:2    | Found a huge runed translucent gate.
 48344 | Elf:2    | Found a huge runed translucent gate.
 48617 | Swamp:1  | Entered Level 1 of the Swamp
 49605 | Swamp:2  | Noticed Nikola
 49648 | Swamp:2  | Killed Nikola
 50000 | Swamp:2  | Noticed Jorgrun
 50023 | Swamp:2  | Killed Jorgrun
 51056 | Swamp:3  | Reached XP level 19. HP: 147/147 MP: 36/36
 51382 | Swamp:4  | Entered Level 4 of the Swamp
 51816 | Swamp:4  | Reached skill level 14 in Spellcasting
 51820 | Swamp:4  | Noticed the 27-headed Lernaean hydra
 52621 | Swamp:4  | Killed the 27-headed Lernaean hydra
 52873 | Swamp:4  | Got a decaying rune of Zot
 53340 | Snake:4  | Entered Level 4 of the Snake Pit
 53340 | Snake:4  | Noticed Louise
 53341 | Snake:4  | Killed Louise
 53577 | Snake:4  | Noticed Bai Suzhen
 53749 | Snake:3  | Killed Bai Suzhen
 55358 | Snake:4  | HP: 7/148 [naga warrior/+0 trident (6)]
 55360 | Snake:4  | Engulfed by a cloud of freezing vapour

Levels and vault maps discovered:
D:1:      minmay_arrival_split_and_join, layout_loops_corners, serial_forest,
          infiniplex_forest_clump_double, infiniplex_forest_clump_diagonal,
          infiniplex_forest_corner_2, infiniplex_forest_zigzag_1,
          infiniplex_forest_lined_3_way
D:2:      layout_loops_ring, first_ration, kennysheep_nondescript
D:3:      layout_rooms, okawaru_trees_1
D:4:      layout_layer_cave, serial_shops, shop_statue, uniq_robin, uniq_sigmund
D:5:      layout_gridville, uniq_crazy_yiuf_cottage, uniq_pikel
D:6:      wander_guarded_unrand_ratskin, layout_cave_pods, serial_shops, shop,
          uniq_eustachio
D:7:      layout_layer_cave, minmay_temple_entry_sparse_star
D:8:      layout_loops_corners, serial_shops, shop_statue
D:9:      layout_gridville, grunt_temple_overflow_open
D:10:     layout_cave_pods, hangedman_pestilent_swarm, serial_bayou_pond_c,
          uniq_urug
D:11:     layout_gridville, minmay_lair_entry_grove
D:12:     layout_basic, minmay_orc_entry_guard_dogs
D:13:     layout_long_grid, basic_altar, minivault_7
D:14:     layout_big_octagon, hangedman_vaults_entry_quadrant_bands,
          kennysheep_another_room, serial_bayou_ford_a
D:15:     grunt_enter_depths_giant_problem, layout_basic
Temple:   jpeg_temple_clearing
Lair:1:   layout_roguey, grunt_forest_stairs_basic
Lair:2:   layout_regular_city, minmay_snake_entry_guardpost_small,
          nicolae_volcano_entry_two_sided, serial_bayou_lagoon_a, uniq_erica,
          uniq_gastronok
Lair:3:   layout_gridlike
Lair:4:   minmay_guarded_unrand_snakebite, layout_gridlike, swamp_mist,
          infiniplex_staircase_pool_2
Lair:5:   layout_misc_corridors, nicolae_slime_entry_slimehenge
Lair:6:   minmay_lair_end_frog_pond, layout_misc_corridors, serial_rivers,
          chequers_serial_rivers_room_a, chequers_serial_rivers_small_3,
          chequers_serial_rivers_small_b, chequers_serial_rivers_small_b,
          chequers_serial_rivers_micro_d, gammafunk_lair_bear_cave
Swamp:1:  layout_falls_marsh, evilmike_swamp_ruin_wall
Swamp:2:  layout_basic_swamp, evilmike_swamp_ruin_house_6, swamp_pool4,
          nicolae_swamp_alligator_family, uniq_nikola, uniq_jorgrun
Swamp:3:  layout_falls_marsh, serial_swamp_ruin, evilmike_swamp_ruin_house_5,
          evilmike_swamp_ruin_house_4
Swamp:4:  swamp_old_school, layout_basic_swamp
Snake:1:  layout_rooms, serial_shops, shop_statue, st_stairs_12,
          grunt_megastairs_2
Snake:2:  nicolae_cobra_stairs, layout_layer_cave,
          nicolae_coiled_stairwell_down, uniq_vashnia, uniq_frances, uniq_aizul
Snake:3:  layout_cave_shapes, portal_ice_cave_entry_ice_statue_two,
          serial_shops, shop, nrook_loot_triangle, nicolae_snake_linked_coils,
          grunt_ministairs_6
Snake:4:  grunt_snake_rune_serpentine_throne, layout_misc_corridors,
          serial_bayou_pond_b, uniq_bai_suzhen, uniq_louise, uniq_saint_roka
Orc:1:    layout_diamond_mine, ebering_ghost_disaster_area, serial_shops, shop,
          mines2_david
Orc:2:    st_orc_pillars, layout_caves, serial_shops,
          nicolae_shop_window_shopping,
          nicolae_shop_temple_entry_statues_fountains, shop,
          gammafunk_ghost_fury_of_okawaru, uniq_snorg, uniq_erolcha
Elf:1:    eino_elf_arrival_altar, layout_loops_corners,
          portal_desolation_entry_garden, minmay_elf_necromancy, uniq_kirke
Elf:2:    layout_geoelf_octagon, serial_shops, nicolae_shop_stone, uniq_azrael

Skill      XL: |  1  2  3  4  5  6  7  8  9 10 11 12 13 14 15 16 17 18 19 |
---------------+----------------------------------------------------------+-----
Conjurations   | 2 3 4 5 6 7 8 9 10 11 | 11.2
Summonings     | 2 3 4 5 6 7 8 9 10 11 | 11.2
Translocations | 2 3 4 5 6 7 8 9 10 11 | 11.2
Invocations    | 1 2 3 4 5 6 7 8 9 10 11 12 13 | 13.8
Fighting       | 1 2 3 4 5 6 7 8 9 10 11 12 | 12.8
Short Blades   | 1 2 3 4 5 6 7 8 9 10 11 12 | 12.8
Long Blades    | 1 2 3 4 5 6 7 8 9 10 11 12 | 12.8
Axes           | 1 2 3 4 5 6 7 8 9 10 11 12 | 12.8
Maces & Flails | 1 2 3 4 5 6 7 8 9 10 11 12 | 12.8
Polearms       | 1 2 3 4 5 6 7 8 9 10 11 12 | 12.8
Staves         | 1 2 3 4 5 6 7 8 9 10 11 12 | 12.8
Slings         | 1 2 3 4 5 6 7 8 9 10 11 12 | 12.8
Bows           | 1 2 3 4 5 6 7 8 9 10 11 12 | 12.8
Crossbows      | 1 2 3 4 5 6 7 8 9 10 11 12 | 12.8
Throwing       | 1 2 3 4 5 6 7 8 9 10 11 12 | 12.8
Armour         | 1 2 3 4 5 6 7 8 9 10 11 12 | 12.8
Shields        | 1 2 3 4 5 6 7 8 9 10 11 12 | 12.8
Unarmed Combat | 1 2 3 4 5 6 7 8 9 10 11 12 | 12.8
Evocations     | 1 2 3 4 5 6 7 8 9 10 11 12 | 12.8
Hexes          | 1 2 3 4 5 6 7 8 9 10 11 | 11.0
Charms         | 1 2 3 4 5 6 7 8 9 10 11 | 11.0
Necromancy     | 1 2 3 4 5 6 7 8 9 10 11 | 11.0
Transmutations | 1 2 3 4 5 6 7 8 9 10 11 | 11.0
Fire Magic     | 1 2 3 4 5 6 7 8 9 10 11 | 11.0
Ice Magic      | 1 2 3 4 5 6 7 8 9 10 11 | 11.0
Air Magic      | 1 2 3 4 5 6 7 8 9 10 11 | 11.0
Earth Magic    | 1 2 3 4 5 6 7 8 9 10 11 | 11.0
Poison Magic   | 1 2 3 4 5 6 7 8 9 10 11 | 11.0
Dodging        | 5 6 7 8 9 10 11 12 13 | 13.4
Stealth        | 5 6 7 8 9 10 11 12 13 | 13.3
Spellcasting   | 8 9 10 11 12 13 14 | 14.3

Action                   |  1- 3 |  4- 6 |  7- 9 | 10-12 | 13-15 | 16-18 | 19-21 || total
-------------------------+-------+-------+-------+-------+-------+-------+-------++-------
Melee: Unarmed           |     3 |       |       |       |       |       |       ||     3
       Short sword       |       |    16 |    59 |       |       |       |       ||    75
       Bite              |       |     2 |    47 |    69 |   156 |   164 |    42 ||   480
       Punch             |       |       |     4 |    14 |       |       |       ||    18
       Rapier            |       |       |    85 |   450 |  1241 |   562 |       ||  2338
       Whip              |       |       |    88 |   166 |    45 |   188 |       ||   487
       Quarterstaff      |       |       |   148 |       |       |       |       ||   148
       Falchion          |       |       |    14 |    53 |   102 |       |       ||   169
       Kick              |       |       |     2 |   171 |    13 |       |       ||   186
       Headbutt          |       |       |     1 |   124 |   220 |   267 |    62 ||   674
       Dagger            |       |       |       |       |       |   692 |   345 ||  1037
 Fire: Hand crossbow     |       |       |       |    11 |    14 |    63 |       ||    88
Throw: Javelin           |       |       |       |     3 |       |       |       ||     3
 Cast: Magic Dart        |    77 |    40 |    24 |    13 |    28 |     9 |       ||   191
       Mephitic Cloud    |       |     3 |    53 |   108 |   160 |   140 |    19 ||   483
       Conjure Flame     |       |       |     1 |     3 |     8 |    17 |     1 ||    30
       Call Imp          |       |       |       |    29 |    58 |    29 |     1 ||   117
       Tukima's Dance    |       |       |       |     2 |     1 |    26 |     5 ||    34
       Ensorcelled Hiber |       |       |       |    15 |    16 |     8 |       ||    39
       Blink             |       |       |       |     2 |     9 |     8 |     2 ||    21
       Regeneration      |       |       |       |     1 |     8 |    25 |     2 ||    36
       Summon Lightning  |       |       |       |       |    34 |    34 |    10 ||    78
       Bolt of Magma     |       |       |       |       |    20 |   110 |    92 ||   222
       Swiftness         |       |       |       |       |     1 |    26 |     5 ||    32
       Animate Dead      |       |       |       |       |       |    67 |    30 ||    97
       Freezing Cloud    |       |       |       |       |       |    17 |     5 ||    22
       Apportation       |       |       |       |       |       |       |     1 ||     1
Invok: Curse Item        |       |       |       |       |       |     7 |       ||     7
 Abil: Evoke Ratskin     |       |       |       |       |     6 |    19 |     4 ||    29
Evoke: Wand              |       |     1 |     8 |     5 |    22 |    42 |     2 ||    80
       Box of beasts     |       |       |       |       |     2 |     5 |       ||     7
       Phantom mirror    |       |       |       |       |       |       |     1 ||     1
  Use: Scroll            |       |     8 |     2 |     9 |    20 |    15 |     2 ||    56
       Potion            |       |       |     4 |       |     5 |    11 |     3 ||    23
 Stab: Sleeping          |       |     3 |    18 |    24 |    29 |    19 |     5 ||    98
       Paralysed         |       |     2 |    12 |     3 |       |     1 |       ||    18
       Confused          |       |       |    24 |    76 |   108 |    77 |    11 ||   296
       Distracted        |       |       |     2 |       |     8 |    16 |     7 ||    33
  Eat: Chunk             |     3 |     3 |    16 |    13 |    32 |    21 |     8 ||    96
       Ration            |       |       |     3 |     3 |     7 |    15 |     2 ||    30
Armor: Robe              |     1 |       |    36 |    40 |    67 |   132 |    39 ||   315
       Troll leather arm |       |       |       |    21 |    10 |       |       ||    31
       Fire dragon scale |       |       |       |       |     1 |       |       ||     1
Dodge: Dodged            |     7 |    10 |   318 |   473 |   613 |   738 |   320 ||  2479
Block: Shield            |       |       |       |    67 |   705 |   990 |   363 ||  2125
       Reflection        |       |       |       |     3 |    26 |    80 |    26 ||   135
       Rpst.: Falchion   |       |       |       |    17 |    12 |       |       ||    29
